 Dungeon Crawl Stone Soup version 0.31-a0-431-g88bdf31460 (webtiles) character file.

Game seed: 6492319052539483487

2674 MrMonkeyMan the Destroyer (level 9, -4/70 HPs)
             Began as a Yellow Draconian Conjurer on Aug 1, 2023.
             Was a Priest of Vehumet.
             Slain by a hornet (9 damage)
             ... on level 7 of the Dungeon.
             The game lasted 00:54:17 (7067 turns).

MrMonkeyMan the Destroyer (DrCj)                    Turns: 7067, Time: 00:54:18

Health: -4/70      AC:  9    Str: 17    XL:     9   Next: 37%
Magic:  3/18       EV: 12    Int: 22    God:    Vehumet [***...]
Gold:   291        SH:  0    Dex:  9    Spells: 7/20 levels left

rFire   . . .        i - +1 short sword (elec)
rCold   . . .        (no shield)
rNeg    . . .        (body armour unavailable)
rPois   .            (helmet restricted)
rElec   .            s - scarf {repulsion}
rCorr   +            (no gloves)
SInv    +            c - +1 pair of boots
Will    .....        e - amulet of regeneration
Stlth   ++           j - ring of see invisible
HPRegen 1.11/turn    w - +6 ring of strength
MPRegen 0.16/turn

%: repel missiles
@: lethally poisoned (-4 -> -4), short of breath, slowed, very slow
A: spit acid, AC +7, unfitting armour, cold-blooded, acid resistance
a: Breathe Acid, Renounce Religion


You were on level 7 of the Dungeon.
You worshipped Vehumet.
Vehumet was most pleased with you.
You visited 1 branch of the dungeon, and saw 7 of its levels.

You collected 291 gold pieces.

Inventory:

Hand Weapons
 d - a +1 dagger of venom
 i - a +1 short sword of electrocution (weapon)
Missiles
 b - 56 stones
 g - 12 poisoned darts
Armour
 c - a +1 pair of boots (worn)
 s - a scarf of repulsion (worn)
Magical Staves
 A - a staff of death
Jewellery
 e - an amulet of regeneration (around neck)
 j - a ring of see invisible (left hand)
 n - a ring of positive energy
 w - a +6 ring of strength (right hand)
Wands
 q - a wand of roots (21)
 B - a wand of mindburst (25)
Scrolls
 y - 2 scrolls of fog
Potions
 a - a potion of magic
 f - a potion of ambrosia
 k - 4 potions of curing
 l - 2 potions of resistance {unknown}
 m - 2 potions of heal wounds {unknown}
 p - a potion of attraction {unknown}
 r - 3 potions of lignification
 x - a potion of might {unknown}
 z - 2 potions of degeneration {unknown}


   Skills:
 * Level 3.6 Fighting
 + Level 1.5 Short Blades
 + Level 4.1 Dodging
 - Level 2.2 Stealth
 + Level 6.4 Spellcasting
 - Level 9.0 Conjurations
 * Level 2.6 Hexes
 - Level 3.0 Ice Magic


You had 7 spell levels left.
You knew the following spells:

 Your Spells              Type           Power      Damage    Failure   Level
a - Magic Dart            Conj           100%       1d8       1%          1
b - Searing Ray           Conj           92%        2d7       1%          2
c - Hailstorm             Conj/Ice       33%        3d8       1%          3
d - Fulminant Prism       Conj/Hex       16%        3d11      2%          4
e - Mephitic Cloud        Conj/Pois/Air  20%        N/A       2%          3

Your spell library contained the following spells:

 Spells                   Type           Power      Damage    Failure   Level
 Momentum Strike          Conj/Tloc      52%        3d9       1%          2
 Dazzling Flash           Conj/Hex       64%        N/A       1%          3
 Iskenderun's Mystic Bla  Conj/Tloc      26%        2d7       4%          4
 Apportation              Tloc           14%        N/A       9%          1
 Necrotise                Necr           28%        1d5       9%          1
 Summon Small Mammal      Summ           28%        N/A       9%          1
 Blink                    Tloc           14%        N/A       13%         2
 Lesser Beckoning         Tloc           14%        N/A       13%         2
 Portal Projectile        Hex/Tloc       24%        N/A       16%         3
 Summon Guardian Golem    Hex/Summ       12%        N/A       16%         3
 Call Canine Familiar     Summ           7%         N/A       26%         3
 Leda's Liquefaction      Hex/Erth       6%         N/A       45%         4


Dungeon Overview and Level Annotations

Branches:
Dungeon (7/15)             Temple (0/1) D:7

Altars:
Fedhas
Trog
Vehumet

Shops:
D:4 *[:[

Portals:
Abyss: D:5

Annotations:
D:5 2 transporters, Lorrdernie's ghost, novice TrSh


Innate Abilities, Weirdness & Mutations

You can spit globs of acid.
Your golden yellow scales are hard. (AC +7)
You cannot fit into any form of body armour.
You are cold-blooded and may be slowed by cold attacks.
You are resistant to acid. (rCorr)


Message History

Aiming: Fulminant Prism (dangerous; 2% risk of failure)
Press: ? - help, Dir - move target You conjure a prism of explosive energy!
A fulminant prism comes into view.
The hornet stings you.
You feel as though you will be slow longer.
The hornet stings you!
* * * LOW HITPOINT WARNING * * *
You feel as though you will be slow longer.
The hornet stings you!
* * * LOW HITPOINT WARNING * * *
You feel as though you will be slow longer.
The hornet attacks as you move away! The hornet completely misses you.
The hornet closely misses you.
Your fulminant prism crackles loudly.
Something bites your fulminant prism!
You feel better. The hornet barely misses you.
Your fulminant prism explodes!
The blast of energy engulfs the ogre!
The ogre is heavily wounded.
The blast of energy engulfs the hornet!
The hornet is moderately wounded.
The hornet stings you.
* * * LOW HITPOINT WARNING * * *
You are poisoned.
You suddenly lose the ability to move!
You feel very sick. The hornet stings you!
* * * LOW HITPOINT WARNING * * *
You feel as though you will be slow longer.
The hornet stings you but does no damage.
You feel sick.
The hornet stings you but does no damage.
You can move again.
Press: ? - help, Shift-Dir - straight line, f - ogre
Aim: an ogre, wielding a +0 giant spiked club (heavily wounded, 83% to hit)
You spit a glob of acid.
The glob of acid misses the hornet.
The glob of acid misses the ogre.
The glob of acid misses the iguana.
You feel sick. The hornet misses you. The hornet stings you!
You die...

#.###..# #.)..#.###
#.).......
#...##.###
###########...##.###
....................
###...........###
..#####.#####.#####
..........@yOl#
#######.#######
####y#


#yyco# ########o#### .....Ycyo# ########## You could see a hornet, an ogre and
an iguana.

Vanquished Creatures
  Pikel (D:5)
  Duvessa (D:7)
  A water moccasin (D:6)
  4 ice beasts (D:6)
  3 sky beasts
  2 black bears (D:4)
  A lemure (D:5)
  A kobold brigand (D:6)
  Blork the orc (D:5)
  2 bullfrogs
  A scorpion (D:4)
  Dowan (D:7)
  4 hounds
  3 jellies
  2 gnoll boudas (D:6)
  Natasha (thrice) (D:2)
  6 iguanas
  3 orc wizards (D:5)
  Robin (D:2)
  5 gnolls (D:6)
  6 adders
  2 white imps (D:6)
  An ufetubus (D:5)
  2 worms
  4 dart slugs
  10 orcs
  2 bats (D:2)
  10 endoplasms
  3 giant cockroaches
  12 goblins
  12 hobgoblins
  9 kobolds
  5 quokkas
  4 ball pythons
  7 frilled lizards
  6 rats
  A fulminant prism (D:6)
142 creatures vanquished.

Vanquished Creatures (others)
  15 fulminant prisms
15 creatures vanquished.

Grand Total: 157 creatures vanquished

Notes
Turn   | Place    | Note
-------+----------+-------------------------------------------
     0 | D:1      | MrMonkeyMan the Draconian Conjurer began the quest for the
                  | Orb.
     0 | D:1      | Reached XP level 1. HP: 14/14 MP: 3/3
   222 | D:1      | Reached XP level 2. HP: 20/20 MP: 1/5
   521 | D:1      | Found a faded altar of an unknown god.
   526 | D:1      | Prayed at the altar of an unknown god.
   526 | D:1      | Became a worshipper of Vehumet
   526 | D:1      | Reached * piety under Vehumet
   526 | D:1      | Offered knowledge of Kiss of Death by Vehumet.
   530 | D:1      | Learned a level 2 spell: Searing Ray
  1020 | D:2      | Noticed Natasha
  1029 | D:2      | Killed Natasha
  1030 | D:2      | Reached XP level 3. HP: 14/26 MP: 0/6
  1087 | D:2      | Noticed Natasha
  1099 | D:2      | Killed Natasha
  1100 | D:2      | Reached skill level 5 in Conjurations
  1100 | D:2      | Reached XP level 4. HP: 19/33 MP: 1/7
  1195 | D:2      | Noticed Natasha
  1207 | D:2      | Killed Natasha
  1598 | D:2      | Reached XP level 5. HP: 38/38 MP: 7/9
  1600 | D:2      | Noticed Robin
  1653 | D:2      | Reached ** piety under Vehumet
  1653 | D:2      | Offered knowledge of Freeze by Vehumet.
  1656 | D:2      | Killed Robin
  2576 | D:3      | Offered knowledge of Hailstorm by Vehumet.
  2577 | D:3      | Reached skill level 6 in Conjurations
  2581 | D:3      | Learned a level 3 spell: Hailstorm
  3104 | D:4      | Noticed a black bear
  3104 | D:4      | Noticed a black bear
  3104 | D:4      | Found a bloodstained altar of Trog.
  3147 | D:4      | Found Wiodad's General Store.
  3422 | D:4      | Reached XP level 6. HP: 46/46 MP: 8/10
  3514 | D:4      | Reached *** piety under Vehumet
  3628 | D:4      | Found Finnum's Antique Armour Boutique.
  3928 | D:4      | Found Lusyi's Armour Shop.
  4001 | D:4      | Reached skill level 7 in Conjurations
  4090 | D:4      | Your scales start taking on a golden yellow colour.
  4090 | D:4      | Reached XP level 7. HP: 51/51 MP: 3/12
  4090 | D:4      | Gained mutation: You are resistant to acid. (rCorr) [Yellow
                  | Draconian growth]
  4257 | D:4      | Found Gehy's Book Shoppe.
  4530 | D:5      | Entered Level 5 of the Dungeon
  4686 | D:5      | Found a transporter.
  4686 | D:5      | Found a transporter.
  4690 | D:5      | Found a one-way gate to the infinite horrors of the Abyss.
  4690 | D:5      | Noticed Lorrdernie's ghost (novice TrSh)
  4797 | D:5      | Found a blossoming altar of Fedhas.
  5059 | D:5      | Noticed Pikel
  5077 | D:5      | Noticed Blork the orc
  5087 | D:5      | Killed Pikel
  5088 | D:5      | Reached skill level 1 in Fighting
  5088 | D:5      | Reached skill level 1 in Short Blades
  5088 | D:5      | Reached skill level 8 in Conjurations
  5088 | D:5      | Reached XP level 8. HP: 25/59 MP: 1/15
  5099 | D:5      | Killed Blork the orc
  5222 | D:5      | Learned a level 4 spell: Fulminant Prism
  5250 | D:5      | Offered knowledge of Mephitic Cloud by Vehumet.
  5332 | D:5      | Reached skill level 5 in Spellcasting
  5332 | D:5      | Reached skill level 9 in Conjurations
  5794 | D:5      | Learned a level 3 spell: Mephitic Cloud
  5802 | D:6      | Reached skill level 1 in Ice Magic
  5908 | D:6      | Reached skill level 1 in Hexes
  6376 | D:6      | Reached XP level 9. HP: 68/68 MP: 9/17
  6382 | D:6      | Identified the +0 plate armour "Loll" {Dex+4}
  7036 | D:7      | Noticed Dowan
  7037 | D:7      | Noticed Duvessa
  7048 | D:7      | Killed Duvessa
  7050 | D:7      | Found a staircase to the Ecumenical Temple.
  7058 | D:7      | Killed Dowan
  7059 | D:7      | Paralysed by a hornet for 1 turns
  7064 | D:7      | Paralysed by a hornet for 3 turns
  7067 | D:7      | Slain by a hornet

Illustrated notes

Levels and vault maps discovered:
D:1:      tarquinn_simple_flora_water_b, layout_loops_ring,
          ebering_ecumenical_altar_mist
D:2:      layout_loops_ring, nicolae_grassy_gnolls, uniq_robin, uniq_natasha
D:3:      layout_loops_corners
D:4:      layout_loops_ring, trog_ov_bears_minmay, serial_co_window_serial,
          co_window_cross_1, co_window_corner_a, co_window_paths_b,
          co_window_corner_a, co_window_paths_a, co_window_of_opportunity_b,
          co_window_broadway_c, co_window_corner_ca, co_window_paths_d,
          co_window_4corner_b, glass_columns_a, glass_columns_b,
          glass_columns_a, glass_columns_a, glass_columns_a, serial_shops, shop,
          nicolae_inconvenience_store, shop, nicolae_shop_just_a_little_nook
D:5:      layout_layer_cave, mainiacjoe_overflow_alcove_2,
          gammafunk_ghost_abyssal_escape, uniq_pikel, uniq_blork_the_orc
D:6:      layout_cave_pools, st_stairs_14, abandoned_shop, minmay_quadrilaterals
D:7:      layout_loops_ring, minmay_temple_entry_mist, minmay_misc_feat_tiny,
          uniq_duvessa

Skill      XL: |  1  2  3  4  5  6  7  8  9 |
---------------+----------------------------+-----
Stealth        | 2 |  2.2
Conjurations   | 5 6 7 8 9 |  9.0
Spellcasting   | 3 4 5 6 |  6.4
Dodging        | 2 3 4 |  4.1
Fighting       | 1 2 3 |  3.6
Short Blades   | 1 |  1.5
Ice Magic      | 2 3 |  3.0
Hexes          | 1 2 |  2.6

Action                     |  1- 3 |  4- 6 |  7- 9 || total
---------------------------+-------+-------+-------++-------
  Melee: Short sword       |     7 |    19 |    16 ||    42
         Dagger            |     2 |       |       ||     2
         Tailslap          |       |     2 |     1 ||     3
   Cast: Magic Dart        |    45 |   104 |    67 ||   216
         Searing Ray       |     2 |    12 |    25 ||    39
         Fulminant Prism   |       |       |    16 ||    16
Ability: Breathe Acid      |       |       |     4 ||     4
    Use: Scroll            |       |       |     9 ||     9
         Potion            |       |       |     2 ||     2
 Armour: Skin              |     3 |    14 |    18 ||    35
  Dodge: Dodged            |     3 |    38 |    52 ||    93
         Repelled          |       |       |     2 ||     2

Table legend: (Time is in decaauts)
 A = Elapsed time spent in this place.
 B = Non-inter-level travel time spent in this place.
 C = Inter-level travel time spent in this place.
 D = Time resting spent in this place.
 E = Time spent auto-exploring this place.
 F = Levels seen in this place.
 G = Mean time per level.
                   A        B        C        D        E       F      G
               +--------+--------+--------+--------+--------+-----+--------+
         Total |   7071 |   6840 |    231 |   1781 |   3804 |   7 | 1010.1 |
       Dungeon |   7071 |   6840 |    231 |   1781 |   3804 |   7 | 1010.1 |
               +--------+--------+--------+--------+--------+-----+--------+

Top non-repeatable levels by time:
     D:5: 1468 daAuts
     D:4: 1388 daAuts
     D:2: 1168 daAuts
     D:3: 1057 daAuts
     D:6: 958 daAuts
     D:1: 917 daAuts
     D:7: 113 daAuts
